[Event "ESTCC 50 2019"]
[Site "Mali Losinj"]
[Date "2019.09.23"]
[Round "6.17"]
[White "Burchardt, Brigitte"]
[Black "Pastor Alonso De Prado, Alberto"]
[Result "1/2-1/2"]
[ECO "B07"]
[WhiteElo "2092"]
[BlackElo "2010"]
[Annotator "NA"]
[PlyCount "78"]
[EventDate "2019.09.18"]
[EventType "team-tourn"]
[EventCountry "CRO"]
[SourceTitle "playchess.com"]
[Source "ChessBase"]
[SourceQuality "1"]
[WhiteTeam "Germany"]
[BlackTeam "Spain"]
[WhiteTeamCountry "GER"]
[BlackTeamCountry "ESP"]
[TimeControl "40/5400+30:1800+30"]

1. e4 d6 2. d4 Nf6 3. Bd3 e5 4. Nf3 Nbd7 5. c3 Be7 6. O-O O-O 7. Nbd2 c6 8. Qe2 Re8 9. dxe5 dxe5 10. Bc4 h6 11. Rd1 Qc7 12. b4 b5 13. Bb3 a5 14. bxa5 Rxa5 15. c4 Bc5 16. Nf1 b4 17. h3 Nf8 18. Ng3 Ne6 19. Bb2 Nd7 20. Qd2 Bf8 21. Nf5 Nec5 22. Nd6 Bxd6 23. Qxd6 Qxd6 24. Rxd6 Ra6 25. Rad1 f6 26. Ne1 Nxb3 27. axb3 Nc5 28. Rd8 Kf7 29. Rxe8 Kxe8 30. Nd3 Nxe4 31. Nxb4 Rb6 32. Ba3 c5 33. Nd3 Nc3 34. Ra1 Rxb3 35. Nxc5 Rb8 36. Kf1 Bf5 37. Ke1 Ne4 38. Nxe4 Bxe4 39. Bd6 Ra8 1/2-1/2

[Event "ESTCC 50 2019"]
[Site "Mali Losinj"]
[Date "2019.09.23"]
[Round "6.18"]
[White "Ruiz Bellon, Manuel"]
[Black "Wagner-Michel, Annett"]
[Result "1-0"]
[ECO "A09"]
[WhiteElo "1973"]
[BlackElo "2055"]
[Annotator "NA"]
[PlyCount "75"]
[EventDate "2019.09.18"]
[EventType "team-tourn"]
[EventCountry "CRO"]
[SourceTitle "playchess.com"]
[Source "ChessBase"]
[SourceQuality "1"]
[WhiteTeam "Spain"]
[BlackTeam "Germany"]
[WhiteTeamCountry "ESP"]
[BlackTeamCountry "GER"]
[TimeControl "40/5400+30:1800+30"]

1. Nf3 c5 2. g3 d5 3. c4 d4 4. d3 Nc6 5. Bg2 e5 6. O-O Be7 7. e3 Nf6 8. exd4 cxd4 9. Re1 Nd7 10. a3 a5 11. Nbd2 O-O 12. Ne4 h6 13. Qc2 Qc7 14. Rb1 Kh8 15. c5 f5 16. Nd6 Bxd6 17. cxd6 Qxd6 18. Bd2 Ra6 19. Rbc1 Re8 20. Nh4 Nf6 21. Qc5 Qxc5 22. Rxc5 Nd7 23. Rd5 Ne7 24. Rxa5 Rxa5 25. Bxa5 g5 26. Nf3 Nc6 27. Bc7 e4 28. Nd2 e3 29. fxe3 Rxe3 30. Rxe3 dxe3 31. Nc4 Nc5 32. d4 Nd3 33. Nxe3 Nxd4 34. Bb6 Nc6 35. Nc4 Kh7 36. Nd6 Bd7 37. b4 f4 38. Be4+ 1-0

[Event "ESTCC 50 2019"]
[Site "Mali Losinj"]
[Date "2019.09.23"]
[Round "6.19"]
[White "Kierzek, Mira"]
[Black "Lopez de Turiso, Jose Angel"]
[Result "1/2-1/2"]
[ECO "A46"]
[WhiteElo "2015"]
[BlackElo "1945"]
[Annotator "NA"]
[PlyCount "45"]
[EventDate "2019.09.18"]
[EventType "team-tourn"]
[EventCountry "CRO"]
[SourceTitle "playchess.com"]
[Source "ChessBase"]
[SourceQuality "1"]
[WhiteTeam "Germany"]
[BlackTeam "Spain"]
[WhiteTeamCountry "GER"]
[BlackTeamCountry "ESP"]
[TimeControl "40/5400+30:1800+30"]

1. d4 Nf6 2. Nf3 e6 3. g3 c5 4. Bg2 Nc6 5. O-O a6 6. c4 cxd4 7. Nxd4 Qc7 8. Nc3 Na5 9. b3 d5 10. a3 dxc4 11. b4 e5 12. bxa5 exd4 13. Qxd4 Bc5 14. Qf4 Bd6 15. Qh4 O-O 16. Bg5 Qxa5 17. Bxf6 gxf6 18. Be4 f5 19. Qg5+ Kh8 20. Qf6+ Kg8 21. Qg5+ Kh8 22. Qf6+ Kg8 23. Qg5+ 1/2-1/2

[Event "ESTCC 50 2019"]
[Site "Mali Losinj"]
[Date "2019.09.23"]
[Round "6.20"]
[White "Rodriguez Bernal, Herman"]
[Black "Leib, Britta"]
[Result "0-1"]
[ECO "D30"]
[WhiteElo "1735"]
[BlackElo "1883"]
[Annotator "NA"]
[PlyCount "56"]
[EventDate "2019.09.18"]
[EventType "team-tourn"]
[EventCountry "CRO"]
[SourceTitle "playchess.com"]
[Source "ChessBase"]
[SourceQuality "1"]
[WhiteTeam "Spain"]
[BlackTeam "Germany"]
[WhiteTeamCountry "ESP"]
[BlackTeamCountry "GER"]
[TimeControl "40/5400+30:1800+30"]

1. d4 Nf6 2. Bg5 d5 3. Nd2 Nbd7 4. Ngf3 e6 5. e3 Be7 6. c4 c5 7. cxd5 Nxd5 8. Bxe7 Qxe7 9. Be2 O-O 10. O-O cxd4 11. Nxd4 N7f6 12. e4 Nf4 13. Bf3 e5 14. Nf5 Qb4 15. Qc2 Bxf5 16. a3 Qd4 17. Nb3 Qb6 18. exf5 Rac8 19. Qd1 Rfd8 20. Nd2 e4 21. Nxe4 Rxd1 22. Nxf6+ Qxf6 23. Rfxd1 Qxf5 24. Rd2 b6 25. Rad1 g6 26. Re1 Kg7 27. Be4 Qa5 28. Red1 Qxd2 0-1

[Event "ESTCC 50 2019"]
[Site "Mali Losinj"]
[Date "2019.09.23"]
[Round "6.21"]
[White "Jackson, Sheila"]
[Black "Lauritzen, Einar"]
[Result "1-0"]
[ECO "B12"]
[WhiteElo "2046"]
[BlackElo "1990"]
[Annotator "NA"]
[PlyCount "49"]
[EventDate "2019.09.18"]
[EventType "team-tourn"]
[EventCountry "CRO"]
[SourceTitle "playchess.com"]
[Source "ChessBase"]
[SourceQuality "1"]
[WhiteTeam "England"]
[BlackTeam "Norway"]
[WhiteTeamCountry "ENG"]
[BlackTeamCountry "NOR"]
[TimeControl "40/5400+30:1800+30"]

1. e4 c6 2. d4 d5 3. e5 Bf5 4. Nd2 e6 5. Nb3 Nd7 6. Nf3 a6 7. Be3 Qc7 8. c3 Ne7 9. Be2 h6 10. O-O c5 11. Nxc5 Nxc5 12. dxc5 Be4 13. Bd4 Nc6 14. Re1 Be7 15. Bd3 Bxd3 16. Qxd3 O-O 17. b4 Rae8 18. Re2 f6 19. exf6 Bxf6 20. Bxf6 Rxf6 21. Rae1 Qf4 22. a4 Nd8 23. Ne5 Rf5 24. a5 Ref8 25. Ng6 1-0

[Event "ESTCC 50 2019"]
[Site "Mali Losinj"]
[Date "2019.09.23"]
[Round "6.22"]
[White "Andersen, Per O"]
[Black "Mashayekh, Majid"]
[Result "1-0"]
[ECO "D32"]
[WhiteElo "1971"]
[BlackElo "1875"]
[Annotator "NA"]
[PlyCount "53"]
[EventDate "2019.09.18"]
[EventType "team-tourn"]
[EventCountry "CRO"]
[SourceTitle "playchess.com"]
[Source "ChessBase"]
[SourceQuality "1"]
[WhiteTeam "Norway"]
[BlackTeam "England"]
[WhiteTeamCountry "NOR"]
[BlackTeamCountry "ENG"]
[TimeControl "40/5400+30:1800+30"]

1. Nf3 Nf6 2. e3 d5 3. c4 e6 4. b3 c5 5. Bb2 Nc6 6. cxd5 exd5 7. Be2 Be7 8. Nc3 O-O 9. d4 Be6 10. O-O Ne4 11. dxc5 Bxc5 12. Rc1 Be7 13. Nb5 a6 14. Nbd4 Nxd4 15. Bxd4 f6 16. Bb2 Rc8 17. Rxc8 Qxc8 18. Nd4 Rd8 19. Qd3 Qd7 20. Nxe6 Qxe6 21. Rc1 Bd6 22. h3 f5 23. Qd4 Rd7 24. Rc8+ Bf8 25. Ba3 Rf7 26. Rd8 Nf6 27. Qc5 1-0

[Event "ESTCC 50 2019"]
[Site "Mali Losinj"]
[Date "2019.09.23"]
[Round "6.23"]
[White "Wood, Peter R"]
[Black "Ortoft, Kai"]
[Result "0-1"]
[ECO "C27"]
[WhiteElo "1884"]
[BlackElo "1957"]
[Annotator "NA"]
[PlyCount "100"]
[EventDate "2019.09.18"]
[EventType "team-tourn"]
[EventCountry "CRO"]
[SourceTitle "playchess.com"]
[Source "ChessBase"]
[SourceQuality "1"]
[WhiteTeam "England"]
[BlackTeam "Norway"]
[WhiteTeamCountry "ENG"]
[BlackTeamCountry "NOR"]
[TimeControl "40/5400+30:1800+30"]

1. e4 d6 2. Nc3 e5 3. Bc4 Nf6 4. d3 c6 5. Bg5 Be7 6. Nf3 Nbd7 7. O-O b5 8. Bb3 Nc5 9. Be3 Nxb3 10. axb3 a6 11. b4 O-O 12. h3 Qc7 13. Qd2 Bb7 14. Ne2 c5 15. Qc3 Nd7 16. Ng3 g6 17. d4 Rac8 18. bxc5 exd4 19. Bxd4 dxc5 20. Be3 Bf6 21. Qa3 Ne5 22. Nd2 c4 23. f4 Nc6 24. e5 Be7 25. Qa2 Nb4 26. Qb1 Nd5 27. Bd4 Bc5 28. Nf3 Nxf4 29. c3 Nd3 30. Qd1 Nxe5 31. Qd2 Nxf3+ 32. Rxf3 Bxf3 33. Nf5 Bxd4+ 34. cxd4 f6 35. Nh6+ Kg7 36. Rxa6 Bb7 37. Ra1 Qg3 38. Ng4 Qxg2+ 39. Qxg2 Bxg2 40. Kxg2 b4 41. Rc1 Rfd8 42. Re1 Rc7 43. Rd1 c3 44. bxc3 bxc3 45. d5 c2 46. Rc1 Rxd5 47. Ne3 Rb5 48. Kf3 Rb3 49. Kf2 Rb1 50. Rxc2 Rxc2+ 0-1

[Event "ESTCC 50 2019"]
[Site "Mali Losinj"]
[Date "2019.09.23"]
[Round "6.24"]
[White "Jenssen, Ove S"]
[Black "Denning, Julie L"]
[Result "1-0"]
[ECO "B23"]
[WhiteElo "1827"]
[BlackElo "1629"]
[Annotator "NA"]
[PlyCount "129"]
[EventDate "2019.09.18"]
[EventType "team-tourn"]
[EventCountry "CRO"]
[SourceTitle "playchess.com"]
[Source "ChessBase"]
[SourceQuality "1"]
[WhiteTeam "Norway"]
[BlackTeam "England"]
[WhiteTeamCountry "NOR"]
[BlackTeamCountry "ENG"]
[TimeControl "40/5400+30:1800+30"]

1. e4 c5 2. Nc3 a6 3. a4 d6 4. f4 g6 5. Nf3 Nf6 6. Bc4 e6 7. O-O Nbd7 8. d3 Nb6 9. Bb3 Be7 10. a5 Nbd7 11. Qe1 Rb8 12. Ng5 h6 13. Nf3 b6 14. axb6 Nxb6 15. Bd2 Qc7 16. e5 Nfd7 17. exd6 Bxd6 18. Bxe6 O-O 19. Bb3 c4 20. dxc4 Nxc4 21. Qe4 Ndb6 22. Be3 Bf5 23. Qd4 Nxe3 24. Qxe3 Bc5 25. Nd4 Rbd8 26. Nce2 Bg4 27. Qg3 Bh5 28. c3 Kh7 29. Kh1 Bxe2 30. Nxe2 Rd2 31. Nd4 Bxd4 32. cxd4 Rxb2 33. Rxa6 Qb7 34. Raa1 Re8 35. Rf2 Rxf2 36. Qxf2 Re7 37. f5 g5 38. h4 f6 39. hxg5 hxg5 40. Be6 Kh8 41. Rb1 Rh7+ 42. Kg1 Qc7 43. g3 Rh3 44. Kg2 g4 45. d5 Qc4 46. Re1 Nd7 47. Qe2 Qxe2+ 48. Rxe2 Ne5 49. Rxe5 fxe5 50. d6 Kg7 51. d7 Rh8 52. Kf2 Rd8 53. Ke3 Kf6 54. Ke4 Ra8 55. Kd5 Ra5+ 56. Kd6 Ra8 57. Kc7 e4 58. d8=Q+ Rxd8 59. Kxd8 e3 60. Bc4 Kxf5 61. Be2 Kg5 62. Ke7 Kf5 63. Kd6 Kg5 64. Ke5 Kg6 65. Kf4 1-0

[Event "ESTCC 50 2019"]
[Site "Mali Losinj"]
[Date "2019.09.24"]
[Round "7.1"]
[White "Druckenthaner, Andreas"]
[Black "Kozul, Zdenko"]
[Result "0-1"]
[ECO "B25"]
[WhiteElo "2283"]
[BlackElo "2569"]
[Annotator "RC"]
[PlyCount "122"]
[EventDate "2019.09.18"]
[EventType "team-tourn"]
[EventCountry "CRO"]
[SourceTitle "playchess.com"]
[Source "ChessBase"]
[SourceQuality "1"]
[WhiteTeam "Austria"]
[BlackTeam "Croatia"]
[WhiteTeamCountry "AUT"]
[BlackTeamCountry "CRO"]
[TimeControl "40/5400+30:1800+30"]

1. e4 c5 2. Nc3 Nc6 3. g3 g6 4. Bg2 Bg7 5. d3 d6 6. Nh3 h5 7. O-O Nf6 8. f3 d5 9. Nf2 d4 10. Ne2 h4 11. g4 e5 12. h3 Nh7 13. f4 exf4 14. Nxf4 Be5 15. Nd5 g5 16. c4 Nf8 17. a3 f6 18. b4 a6 19. Qf3 Ne6 20. Nd1 O-O 21. Bd2 Bd7 22. Nb2 b6 23. Rab1 Ne7 24. bxc5 Nxc5 25. Bb4 a5 26. Bxc5 bxc5 27. Qd1 a4 28. Qc2 Ng6 29. Nd1 Rb8 30. Nf2 Qa5 31. Rxb8 Rxb8 32. Rb1 Kf7 33. Rxb8 Qe1+ 34. Bf1 Bxb8 35. Qd1 Bh2+ 36. Kg2 Nf4+ 37. Kxh2 Qxf2+ 38. Kh1 Nxd5 39. exd5 Qe3 40. Qe2 f5 41. Qg2 Kf6 42. Qh2 f4 43. Qb2 Ke7 44. Qb6 Qf2 45. Qb1 f3 46. Qc1 Kd6 47. Qb1 Kc7 48. Qc1 Bc8 49. Qb1 Bd7 50. Qc1 Kb7 51. Qb1+ Ka7 52. Qc1 Qe3 53. Qd1 Be8 54. Qc2 Qe1 55. Kg1 Bd7 56. Qh2 Kb7 57. Qd6 Qg3+ 58. Qxg3 hxg3 59. Bg2 fxg2 60. Kxg2 Be8 61. Kxg3 Bg6 0-1

[Event "ESTCC 50 2019"]
[Site "Mali Losinj"]
[Date "2019.09.24"]
[Round "7.2"]
[White "Zelcic, Robert"]
[Black "Opl, Klaus"]
[Result "1-0"]
[ECO "C56"]
[WhiteElo "2503"]
[BlackElo "2207"]
[Annotator "ChessBase"]
[PlyCount "99"]
[EventDate "2019.09.18"]
[EventType "team-tourn"]
[EventCountry "CRO"]
[SourceTitle "playchess.com"]
[Source "ChessBase"]
[SourceQuality "1"]
[WhiteTeam "Croatia"]
[BlackTeam "Austria"]
[WhiteTeamCountry "CRO"]
[BlackTeamCountry "AUT"]
[TimeControl "40/5400+30:1800+30"]

1. e4 e5 2. Nf3 Nc6 3. Bc4 Nf6 4. d4 exd4 5. e5 d5 6. Bb5 Ne4 7. Nxd4 Bd7 8. Bxc6 bxc6 9. O-O Bc5 10. f3 Ng5 11. Be3 O-O 12. f4 Ne4 13. Nd2 f6 14. Nxe4 dxe4 15. exf6 Qxf6 16. Qe2 Bd6 17. c3 Rab8 18. Nb3 Qh6 19. Nc5 Bf5 20. b4 Kh8 21. Kh1 Qg6 22. h3 Qh6 23. Kh2 g5 24. Nxe4 Bxe4 25. Bd4+ Kg8 26. Qxe4 Rbe8 27. Qd3 Rxf4 28. Rxf4 Bxf4+ 29. g3 Bd6 30. Qc4+ Qe6 31. Qxe6+ Rxe6 32. Bxa7 Re2+ 33. Kg1 Bxg3 34. a4 Be5 35. Ra3 Rc2 36. a5 Rd2 37. a6 Rd8 38. Be3 h6 39. c4 Bd6 40. c5 Be5 41. a7 Ra8 42. b5 cxb5 43. c6 Bf4 44. Bd4 Bd2 45. Ra2 Bb4 46. Rb2 Ba5 47. Rxb5 Bb6 48. Bxb6 cxb6 49. Rxb6 Kf7 50. Rb8 1-0

[Event "ESTCC 50 2019"]
[Site "Mali Losinj"]
[Date "2019.09.24"]
[Round "7.3"]
[White "Watzka, Horst"]
[Black "Kurajica, Bojan"]
[Result "0-1"]
[ECO "B33"]
[WhiteElo "2187"]
[BlackElo "2493"]
[Annotator "ChessBase"]
[PlyCount "86"]
[EventDate "2019.09.18"]
[EventType "team-tourn"]
[EventCountry "CRO"]
[SourceTitle "playchess.com"]
[Source "ChessBase"]
[SourceQuality "1"]
[WhiteTeam "Austria"]
[BlackTeam "Croatia"]
[WhiteTeamCountry "AUT"]
[BlackTeamCountry "CRO"]
[TimeControl "40/5400+30:1800+30"]

1. e4 c5 2. Nf3 Nc6 3. d4 cxd4 4. Nxd4 Qb6 5. Nb3 Nf6 6. Nc3 e6 7. Bd3 d6 8. Qe2 a6 9. Be3 Qc7 10. O-O-O b5 11. f4 Bb7 12. Kb1 h5 13. Rhe1 Be7 14. g3 Nb4 15. Bg1 Nd7 16. Qd2 Nxd3 17. cxd3 Nc5 18. Rc1 O-O 19. Qd1 Qd8 20. d4 Nxb3 21. Qxb3 Qa5 22. a3 Rac8 23. d5 Rc4 24. Rcd1 Rfc8 25. dxe6 fxe6 26. f5 Bf6 27. Rxd6 Bxc3 28. bxc3 Bxe4+ 29. Rxe4 Rxe4 30. Rxe6 Rec4 31. Bd4 b4 32. Re5 Qxa3 33. Qxa3 bxa3 34. Ka2 Kf7 35. Kxa3 Rxc3+ 36. Bxc3 Rxc3+ 37. Kb4 Rc2 38. h3 Rg2 39. Re3 Kf6 40. Rf3 Rh2 41. h4 Ra2 42. Rf1 a5+ 43. Kb3 Re2 0-1

[Event "ESTCC 50 2019"]
[Site "Mali Losinj"]
[Date "2019.09.24"]
[Round "7.4"]
[White "Fercec, Nenad"]
[Black "Ernst, Michael"]
[Result "1-0"]
[ECO "C10"]
[WhiteElo "2439"]
[BlackElo "2199"]
[Annotator "NA"]
[PlyCount "45"]
[EventDate "2019.09.18"]
[EventType "team-tourn"]
[EventCountry "CRO"]
[SourceTitle "playchess.com"]
[Source "ChessBase"]
[SourceQuality "1"]
[WhiteTeam "Croatia"]
[BlackTeam "Austria"]
[WhiteTeamCountry "CRO"]
[BlackTeamCountry "AUT"]
[TimeControl "40/5400+30:1800+30"]

1. e4 e6 2. d4 d5 3. Nd2 dxe4 4. Nxe4 Bd7 5. Nf3 Bc6 6. Neg5 Be7 7. Bc4 Bd5 8. Bd3 Nf6 9. Ne5 O-O 10. c3 c5 11. Qc2 g6 12. h4 Nc6 13. h5 Nxe5 14. dxe5 Nxh5 15. Rxh5 gxh5 16. Bxh7+ Kg7 17. Bg8 f5 18. exf6+ Rxf6 19. Qh7+ Kf8 20. Qh8 Ke8 21. Bxe6+ Bf8 22. Bxd5 Rf5 23. Qxh5+ 1-0

[Event "ESTCC 50 2019"]
[Site "Mali Losinj"]
[Date "2019.09.24"]
[Round "7.5"]
[White "Ponce Navalon, Jose"]
[Black "Burmakin, Vladimir"]
[Result "0-1"]
[ECO "B13"]
[WhiteElo "2024"]
[BlackElo "2496"]
[Annotator "ChessBase"]
[PlyCount "58"]
[EventDate "2019.09.18"]
[EventType "team-tourn"]
[EventCountry "CRO"]
[SourceTitle "playchess.com"]
[Source "ChessBase"]
[SourceQuality "1"]
[WhiteTeam "Spain"]
[BlackTeam "Russia"]
[WhiteTeamCountry "ESP"]
[BlackTeamCountry "RUS"]
[TimeControl "40/5400+30:1800+30"]

1. e4 c6 2. d4 d5 3. exd5 cxd5 4. Bd3 Nf6 5. h3 g6 6. Nf3 Nc6 7. O-O Bg7 8. Re1 O-O 9. c3 Bf5 10. Bxf5 gxf5 11. Bg5 Ne4 12. Nbd2 Qd6 13. Re3 Kh8 14. Nxe4 fxe4 15. Nh2 f5 16. g3 Bh6 17. Bxh6 Qxh6 18. Qb3 Qd6 19. f4 Rg8 20. Rf1 Na5 21. Qd1 Nc4 22. Qe2 Raf8 23. Qf2 Nxe3 24. Qxe3 Rf6 25. Rf2 h5 26. h4 Rxg3+ 27. Qxg3 Rg6 28. Kg2 Rxg3+ 29. Kxg3 Qa6 0-1

[Event "ESTCC 50 2019"]
[Site "Mali Losinj"]
[Date "2019.09.24"]
[Round "7.6"]
[White "Gleizerov, Evgeny"]
[Black "Pastor Alonso De Prado, Alberto"]
[Result "1-0"]
[ECO "E18"]
[WhiteElo "2503"]
[BlackElo "2010"]
[Annotator "ChessBase"]
[PlyCount "31"]
[EventDate "2019.09.18"]
[EventType "team-tourn"]
[EventCountry "CRO"]
[SourceTitle "playchess.com"]
[Source "ChessBase"]
[SourceQuality "1"]
[WhiteTeam "Russia"]
[BlackTeam "Spain"]
[WhiteTeamCountry "RUS"]
[BlackTeamCountry "ESP"]
[TimeControl "40/5400+30:1800+30"]

1. d4 d5 2. c4 e6 3. Nf3 Nf6 4. g3 Be7 5. Bg2 O-O 6. O-O b6 7. cxd5 exd5 8. Nc3 Bb7 9. Qc2 Na6 10. Bf4 h6 11. Rad1 Qc8 12. Nh4 Re8 13. Nf5 Bf8 14. Bh3 Kh8 15. Be5 Ne4 16. Nxg7 1-0

[Event "ESTCC 50 2019"]
[Site "Mali Losinj"]
[Date "2019.09.24"]
[Round "7.8"]
[White "Ibragimov, Ildar"]
[Black "Lopez de Turiso, Jose Angel"]
[Result "1-0"]
[ECO "D37"]
[WhiteElo "2537"]
[BlackElo "1945"]
[Annotator "ChessBase"]
[PlyCount "56"]
[EventDate "2019.09.18"]
[EventType "team-tourn"]
[EventCountry "CRO"]
[SourceTitle "playchess.com"]
[Source "ChessBase"]
[SourceQuality "1"]
[WhiteTeam "Russia"]
[BlackTeam "Spain"]
[WhiteTeamCountry "RUS"]
[BlackTeamCountry "ESP"]
[TimeControl "40/5400+30:1800+30"]

1. d4 d5 2. Nf3 Nf6 3. c4 e6 4. Nc3 Be7 5. Bf4 O-O 6. e3 b6 7. Qc2 c5 8. cxd5 exd5 9. Be2 Bb7 10. Rd1 Nbd7 11. O-O a6 12. dxc5 bxc5 13. Ne5 Nb6 14. Nc4 Nxc4 15. Bxc4 Qd7 16. Be5 Qe6 17. Bxf6 dxc4 18. Bxe7 Qxe7 19. Qa4 Qh4 20. e4 f5 21. Rd7 Rab8 22. Qxc4+ Kh8 23. Qxc5 Bxe4 24. Qe5 Qh6 25. Nxe4 fxe4 26. Rd6 Qh4 27. Rxa6 Rfe8 28. Re6 Rxe6 1-0

[Event "ESTCC 50 2019"]
[Site "Mali Losinj"]
[Date "2019.09.24"]
[Round "7.9"]
[White "Sulc, Damir"]
[Black "Mikhalchishin, Adrian"]
[Result "0-1"]
[ECO "C60"]
[WhiteElo "2207"]
[BlackElo "2465"]
[Annotator "ChessBase"]
[PlyCount "67"]
[EventDate "2019.09.18"]
[EventType "team-tourn"]
[EventCountry "CRO"]
[SourceTitle "playchess.com"]
[Source "ChessBase"]
[SourceQuality "1"]
[WhiteTeam "Croatia"]
[BlackTeam "Slovenia"]
[WhiteTeamCountry "CRO"]
[BlackTeamCountry "SLO"]
[TimeControl "40/5400+30:1800+30"]

1. e4 e5 2. Nf3 Nc6 3. Bb5 a6 4. Ba4 Nge7 5. c3 g6 6. O-O Bg7 7. d4 b5 8. Bb3 exd4 9. cxd4 d6 10. h3 O-O 11. Nc3 Na5 12. Bc2 c5 13. Bf4 cxd4 14. Nxd4 Nc4 15. Nde2 Nxb2 16. Qxd6 Be6 17. a4 Rc8 18. e5 Nd5 19. Nxd5 Rxc2 20. Ne7+ Kh8 21. Ng3 Qxd6 22. exd6 Nd3 23. Be3 Bxa1 24. Rxa1 b4 25. Rd1 Ne5 26. Bd4 f6 27. Ne4 Nd7 28. Re1 Kg7 29. f4 Kf7 30. g4 b3 31. f5 gxf5 32. gxf5 Bc4 33. Rb1 Bd3 34. Re1 0-1

[Event "ESTCC 50 2019"]
[Site "Mali Losinj"]
[Date "2019.09.24"]
[Round "7.10"]
[White "Mohr, Georg"]
[Black "Dusper, Hrvoje"]
[Result "1/2-1/2"]
[ECO "B39"]
[WhiteElo "2445"]
[BlackElo "2221"]
[Annotator "NA RC"]
[PlyCount "135"]
[EventDate "2019.09.18"]
[EventType "team-tourn"]
[EventCountry "CRO"]
[SourceTitle "playchess.com"]
[Source "ChessBase"]
[SourceQuality "1"]
[WhiteTeam "Slovenia"]
[BlackTeam "Croatia"]
[WhiteTeamCountry "SLO"]
[BlackTeamCountry "CRO"]
[TimeControl "40/5400+30:1800+30"]

1. e4 c5 2. Nf3 Nc6 3. d4 cxd4 4. Nxd4 g6 5. c4 Bg7 6. Be3 Nf6 7. Nc3 Ng4 8. Qxg4 Nxd4 9. Qd1 Ne6 10. Rc1 O-O 11. Bd3 d6 12. Qd2 Nc5 13. Bb1 b6 14. O-O Bb7 15. f3 Re8 16. Rfd1 Rc8 17. Nb5 a6 18. Nd4 Ba8 19. b4 Nd7 20. Bd3 Qc7 21. Bf1 Qb8 22. Nb3 Bc6 23. Qf2 Ba4 24. Rd2 Bxb3 25. axb3 a5 26. Rd5 axb4 27. Rb5 Nc5 28. Rxb4 Qa7 29. Rb5 Qa3 30. Rb1 Rb8 31. Qd2 Rec8 32. Qc2 Rc7 33. Bf2 Ra7 34. b4 Ne6 35. Rxb6 Rxb6 36. Bxb6 Rb7 37. Ba5 Bd4+ 38. Kh1 Qe3 39. Bd3 Nf4 40. Rd1 Nh3 41. Rf1 Nf2+ 42. Qxf2 Qxf2 43. Rxf2 Bxf2 44. e5 Be1 45. exd6 exd6 46. Be4 Rb8 47. Bc7 Rxb4 48. Bxd6 Rxc4 49. g4 Bb4 50. Bf4 Kg7 51. g5 Bc3 52. Kg2 f6 53. gxf6+ Bxf6 54. Kg3 Rc5 55. Be3 Ra5 56. h3 Be5+ 57. f4 Ra3 58. Kf2 Bf6 59. Ke2 Ra4 60. Bc6 Ra3 61. Bd7 h6 62. Be6 g5 63. fxg5 hxg5 64. Kf2 Ra5 65. Kf3 Bc3 66. Bf2 Kf6 67. Bg4 Ra2 68. h4 1/2-1/2

[Event "ESTCC 50 2019"]
[Site "Mali Losinj"]
[Date "2019.09.24"]
[Round "7.11"]
[White "Martic, Zlatko"]
[Black "Mencinger, Vojko"]
[Result "1-0"]
[ECO "A01"]
[WhiteElo "2283"]
[BlackElo "2332"]
[Annotator "NA"]
[PlyCount "87"]
[EventDate "2019.09.18"]
[EventType "team-tourn"]
[EventCountry "CRO"]
[SourceTitle "playchess.com"]
[Source "ChessBase"]
[SourceQuality "1"]
[WhiteTeam "Croatia"]
[BlackTeam "Slovenia"]
[WhiteTeamCountry "CRO"]
[BlackTeamCountry "SLO"]
[TimeControl "40/5400+30:1800+30"]

1. b3 d5 2. Bb2 Nc6 3. e3 e5 4. Bb5 f6 5. d4 exd4 6. Qxd4 a6 7. Bxc6+ bxc6 8. Nf3 c5 9. Qd2 Be6 10. Nc3 Qd7 11. O-O Bd6 12. Rfd1 Ne7 13. e4 d4 14. Ne2 Bg4 15. Ne1 Ng6 16. f3 Be6 17. c3 dxc3 18. Qxc3 Qb5 19. Nd3 O-O 20. Rac1 Rad8 21. Ba3 Rfe8 22. Ng3 Nf4 23. Nxc5 Be5 24. Qb4 Bc8 25. Qxb5 axb5 26. Kf1 g6 27. Bb4 h5 28. h4 Rd6 29. Nh1 Red8 30. Nf2 g5 31. hxg5 fxg5 32. Rxd6 Bxd6 33. Ncd3 Ne6 34. Bxd6 Rxd6 35. Ke2 Kg7 36. Ke3 Ra6 37. Nb4 Ra7 38. Nfd3 Kf6 39. g3 Bd7 40. Nc5 Nxc5 41. Rxc5 c6 42. f4 gxf4+ 43. Kxf4 Kg6 44. Nxc6 1-0

[Event "ESTCC 50 2019"]
[Site "Mali Losinj"]
[Date "2019.09.24"]
[Round "7.12"]
[White "Plesec, Damjan"]
[Black "Tirkajla, Boris"]
[Result "1-0"]
[ECO "A80"]
[WhiteElo "2216"]
[BlackElo "2060"]
[Annotator "NA"]
[PlyCount "95"]
[EventDate "2019.09.18"]
[EventType "team-tourn"]
[EventCountry "CRO"]
[SourceTitle "playchess.com"]
[Source "ChessBase"]
[SourceQuality "1"]
[WhiteTeam "Slovenia"]
[BlackTeam "Croatia"]
[WhiteTeamCountry "SLO"]
[BlackTeamCountry "CRO"]
[TimeControl "40/5400+30:1800+30"]

1. d4 f5 2. Bf4 Nf6 3. e3 g6 4. h4 h6 5. Nf3 d6 6. Nc3 Bg7 7. Bd3 Nc6 8. a3 O-O 9. d5 e5 10. dxe6 Bxe6 11. Qd2 Ng4 12. O-O-O Nce5 13. Bg3 Nxd3+ 14. Qxd3 Qf6 15. Nd4 Bf7 16. h5 Ne5 17. Bxe5 dxe5 18. hxg6 Bxg6 19. Nb3 c6 20. Nc5 Rfd8 21. Qe2 Qe7 22. Nd3 e4 23. Nf4 Bf7 24. Nb1 Qf6 25. c3 Qe7 26. g4 fxg4 27. Qxg4 Rxd1+ 28. Rxd1 Rd8 29. Rg1 Qe5 30. Nd2 Kh8 31. Ng6+ Bxg6 32. Qxg6 Rd7 33. Nxe4 Re7 34. Ng3 Qf6 35. Nf5 Qxg6 36. Rxg6 Rf7 37. Nxh6 Rxf2 38. Ng4 Rg2 39. Ne5 Re2 40. Nc4 Kh7 41. Re6 Bf8 42. Na5 Bc5 43. Nxb7 Bxe3+ 44. Kb1 Re1+ 45. Ka2 Re2 46. Kb3 Kg7 47. Na5 Kf7 48. Re4 1-0

[Event "ESTCC 50 2019"]
[Site "Mali Losinj"]
[Date "2019.09.24"]
[Round "7.13"]
[White "Burchardt, Brigitte"]
[Black "Lewis, Andrew P"]
[Result "0-1"]
[ECO "B26"]
[WhiteElo "2092"]
[BlackElo "2294"]
[Annotator "NA"]
[PlyCount "86"]
[EventDate "2019.09.18"]
[EventType "team-tourn"]
[EventCountry "CRO"]
[SourceTitle "playchess.com"]
[Source "ChessBase"]
[SourceQuality "1"]
[WhiteTeam "Germany"]
[BlackTeam "England"]
[WhiteTeamCountry "GER"]
[BlackTeamCountry "ENG"]
[TimeControl "40/5400+30:1800+30"]

1. e4 c5 2. Nc3 Nc6 3. g3 g6 4. Bg2 Bg7 5. d3 d6 6. Be3 Nf6 7. h3 Rb8 8. f4 O-O 9. Nge2 Bd7 10. O-O b5 11. Qd2 b4 12. Nd1 Qa5 13. g4 Ne8 14. f5 Nd4 15. Bg5 Nf6 16. Ng3 Qa4 17. b3 Qa6 18. fxg6 fxg6 19. Ne3 Ne6 20. Bxf6 Bxf6 21. Rad1 Bc3 22. Qc1 Be5 23. Ne2 Qxa2 24. Nd5 Rxf1+ 25. Rxf1 Re8 26. Kh1 Kg7 27. Nef4 Nxf4 28. Nxf4 Qb2 29. Qd2 Rf8 30. Nd5 Rxf1+ 31. Bxf1 e6 32. Qg5 Bf6 33. Nxf6 Qxf6 34. Qxf6+ Kxf6 35. Kg2 Ke5 36. Kf3 Kd4 37. Ke2 Kc3 38. Kd1 g5 39. Kc1 a5 40. Be2 a4 41. bxa4 Bxa4 42. e5 dxe5 43. Bd1 h6 0-1